 Seeded DCSS version 0.30-a0-359-gd0147acb1a (webtiles) character file.

Game seed: 11875864161840823782 (custom seed)

32 purpskrrrp the Grasshopper (level 3, -3/28 HPs)
             Began as a Barachi Warper on Nov 11, 2022.
             Slain by a gnoll
             ... wielding a +0 spear
              (8 damage)
             ... on level 2 of the Dungeon.
             The game lasted 00:03:02 (793 turns).

purpskrrrp the Grasshopper (Barachi Warper)          Turns: 793, Time: 00:03:03

Health: -3/28      AC:  3    Str: 12    XL:     3   Next: 25%
Magic:  6/6        EV: 12    Int: 17    God:
Gold:   45         SH:  0    Dex: 13    Spells: 7/7 levels left

rFire   . . .      SeeInvis +    f - +5 morningstar of Duniafim {vorpal, rN+ Will+ Int+4 SInv}
rCold   . . .      Faith    .    (no shield)
rNeg    + . .      Spirit   .    b - +0 leather armour
rPois   .          Reflect  .    (no helmet)
rElec   .          Harm     .    (no cloak)
rCorr   .          Rampage  .    (no gloves)
Will    +....                    (no boots)
Stlth   +.........               (no amulet)
HPRegen 0.24/turn                (no ring)
MPRegen 0.10/turn                (no ring)

@: slow
A: amphibious, slowness 1, strong legs 1, +LOS
a: Hop


You were on level 2 of the Dungeon.
You visited 1 branch of the dungeon, and saw 2 of its levels.

You collected 45 gold pieces.

Inventory:

Hand Weapons
 a - a +0 falchion
 f - the +5 morningstar of Duniafim (weapon) {vorpal, rN+ Will+ Int+4 SInv}
   (You acquired it on level 1 of the Dungeon)

   It inflicts extra damage upon your enemies.
   Int:       It affects your intelligence (+4).
   rN:        It protects you from negative energy.
   SInv:      It lets you see invisible.
   Will:      It increases your willpower.
Missiles
 d - 5 boomerangs of dispersal
Armour
 b - a +0 leather armour (worn)
Jewellery
 g - a ring of protection from fire
Scrolls
 c - a scroll of blinking
 e - 4 scrolls of identify {unknown}
 h - a scroll of noise {unknown}
 i - a scroll of magic mapping {unknown}
 j - a scroll of enchant weapon {unknown}


   Skills:
 + Level 2.7 Fighting
 * Level 3.1 Long Blades
 - Level 1.0 Throwing
 + Level 1.9 Armour
 - Level 2.1 Dodging
 + Level 2.5 Spellcasting
 + Level 3.6 Translocations


You had 7 spell levels left.
You didn't know any spells.
Your spell library contained the following spells:

 Spells                   Type           Power      Damage    Failure   Level
 Blink                    Tloc           28%        N/A       9%          2
 Lesser Beckoning         Tloc           28%        N/A       16%         3
 Teleport Other           Tloc           14%        N/A       16%         3
 Vhi's Electric Charge    Tloc/Air       16%        N/A       32%         3
 Manifold Assault         Tloc           14%        N/A       47%         4


Dungeon Overview and Level Annotations

Branches:
Dungeon (2/15)

Altars:


Innate Abilities, Weirdness & Mutations

You are amphibious.
You cover ground slowly.
You can hop short distances.
You have an extended range of vision and can be seen from far away.


Message History

Your base attributes are Str 12, Int 13, Dex 11.
Increase (S)trength, (I)ntelligence, or (D)exterity?
You feel agile. x2
Hop to where?
Press: ? - help, Dir - move target
Found a stone staircase leading up.
Boing!
The rat bites you. The rat attacks as you move away! The rat bites you.
The rat barely misses you. The rat closely misses you.
The rat attacks as you move away! The rat barely misses you.
The rat attacks as you move away! The rat completely misses you.
The rat attacks as you move away! The rat bites you.
The rat attacks as you move away! The rat barely misses you.
The gnoll hits you from afar with a +0 spear.
The rat bites you but does no damage.
There is a stone staircase leading up here.
The rat bites you.
* * * LOW HITPOINT WARNING * * *
You climb upwards.
There is a stone staircase leading down here.
You are too injured to fight recklessly!
You barely miss the rat. The rat closely misses you.
You hit the rat.
You kill the rat!
You see here a rat corpse.
You start resting.
You are ready to hop once more.
You start resting.
HP restored.
There is a stone staircase leading down here.
You climb downwards.
The gnoll closely misses you.
There is a stone staircase leading up here.
Okay, then.
The gnoll hits you from afar with a +0 spear!
The gnoll hits you from afar with a +0 spear!
There is a stone staircase leading up, spattered with blood here.
The gnoll hits you with a +0 spear.
* * * LOW HITPOINT WARNING * * *
The gnoll closely misses you.
The gnoll hits you from afar with a +0 spear!
You die...

#...... ..<
.......##..### ....
.........#.. .....
.....#.... ### .#..
...#....####.. ....
#..........# ..# .<
#####.....####.# ...#...
#......ggg..##.##.....##
#......@###..g..........
#.......# ####..........
#......## #............
#............#..........
#.....######..).........
#..... #.....###..#.
#..... #..(#.## ...#
####.# #.#...# #.# #.
..$...# .


You could see 3 gnolls.

Vanquished Creatures
  A gnoll (D:2)
  3 ball pythons (D:1)
  A bat (D:1)
  An endoplasm (D:2)
  A giant cockroach (D:1)
  A hobgoblin (D:1)
  A kobold (D:1)
  A quokka (D:1)
  3 frilled lizards (D:1)
  5 goblins (D:1)
  2 rats (D:1)
20 creatures vanquished.

Notes
Turn   | Place    | Note
-------+----------+-------------------------------------------
     0 | D:1      | purpskrrrp the Barachi Warper began the quest for the Orb.
     0 | D:1      | Reached XP level 1. HP: 17/17 MP: 3/3
   162 | D:1      | Reached XP level 2. HP: 12/23 MP: 5/5
   248 | D:1      | Identified a scroll of acquirement
   248 | D:1      | Acquired the +5 morningstar of Duniafim {vorpal, rN+ Will+
                  | Int+4 SInv}
   700 | D:2      | Reached XP level 3. HP: 16/28 MP: 6/6
   793 | D:2      | Slain by a gnoll

Illustrated notes

Levels and vault maps discovered:
D:1:      amcnicky_arrival_abandoned_market, layout_basic,
          minmay_shallow_snake_nest
D:2:      layout_rooms, uniq_terence

Skill      XL: |  1  2 |
---------------+-------+-----
Long Blades    | 3 |  3.1
Fighting       | |  2.7
Throwing       | |  1.0
Armour         | |  1.9
Dodging        | |  2.1
Spellcasting   | |  2.5
Translocations | |  3.6

Action                   || total
-------------------------++-------
Melee: Falchion          ||    17
       Morningstar       ||    28
Throw: Boomerang         ||     2
 Abil: Hop               ||     1
  Use: Scroll            ||     1
Armor: Leather armour    ||    12
Dodge: Dodged            ||    36

Table legend: (Time is in decaauts)
 A = Elapsed time spent in this place.
 B = Non-inter-level travel time spent in this place.
 C = Inter-level travel time spent in this place.
 D = Time resting spent in this place.
 E = Time spent auto-exploring this place.
 F = Levels seen in this place.
 G = Mean time per level.
                   A        B        C        D        E       F      G
               +--------+--------+--------+--------+--------+-----+--------+
         Total |    909 |    903 |      6 |    160 |    577 |   2 |  454.5 |
       Dungeon |    909 |    903 |      6 |    160 |    577 |   2 |  454.5 |
               +--------+--------+--------+--------+--------+-----+--------+

Top non-repeatable levels by time:
     D:1: 869 daAuts
     D:2: 40 daAuts
